 Dungeon Sprint DCSS version 0.28-a0-233-gb8ca4b6547 (webtiles) character file.

Game seed: 13278946567119943568

602 tbh1313 the Basher (level 7, -2/99 HPs)
             Began as a Minotaur Berserker on Aug 22, 2021.
             Was an Elder of Trog.
             Slain by a human (12 damage)
             ... in the Dungeon (Sprint III: "The Ten Rune Challenge").
             The game lasted 00:02:19 (558 turns).

tbh1313 the Basher (Minotaur Berserker)              Turns: 558, Time: 00:02:20

Health: -2/99      AC:  7    Str: 22    XL:     7   Next: 18%
Magic:  6/6        EV: 12    Int:  6    God:    Trog [****..]
Gold:   38         SH:  0    Dex:  9    Spells: 6/6 levels left

rFire   . . .      SeeInvis .   a - +0 mace
rCold   . . .      Faith    .   (no shield)
rNeg    . . .      Spirit   .   j - +0 scale mail
rPois   .          Reflect  .   (helmet restricted)
rElec   .          Harm     .   (no cloak)
rCorr   .          Rampage  .   (no gloves)
Will    .....      NoTele   +   (no boots)
Stlth   ..........              (no amulet)
HPRegen 0.26/turn               (no ring)
MPRegen 0.10/turn               (no ring)

@: berserking (expiring), very quick
A: horns 2, retaliatory headbutt
a: Renounce Religion, Berserk, Trog's Hand, Brothers in Arms


You were in the Dungeon.
You worshipped Trog.
Trog was greatly pleased with you.
You visited 1 branch You collected 38 gold pieces.

Inventory:

Hand Weapons
 a - a +0 mace (weapon)
Armour
 j - a +0 scale mail (worn)
Scrolls
 c - a scroll of torment {unknown}
 d - a scroll of identify {unknown}
 h - a scroll of blinking
 l - a scroll of immolation {unknown}
 m - a scroll of enchant armour {unknown}
Potions
 b - 4 potions of mutation {unknown}
 e - a potion of haste
 f - 2 potions of magic
 g - a potion of berserk rage
 i - a potion of lignification {unknown}
 k - 4 potions of flight


   Skills:
 - Level 7.0 Fighting
 - Level 14.0 Maces & Flails
 - Level 7.0 Armour
 + Level 7.8 Dodging


You had 6 spell levels left.
You didn't know any spells.
Your spell library contained the following spells:

 Spells                   Type           Power      Damage    Failure   Level
 Sandblast                Erth           0%         2d4       75%         1
 Passwall                 Tmut/Erth      0%         N/A       87%         2
 Lee's Rapid Deconstruct  Erth           0%         3d5*      100%        5


Dungeon Overview and Level Annotations

Branches:
Dungeon (1/1)

Altars:
Dithmenos
Kikubaaqudgha
Okawaru
Ru
Sif Muna
Trog
Uskayaw
Vehumet
Wu Jian
Yredelemnul
Beogh


Innate Abilities, Weirdness & Mutations

You have a pair of horns on your head.
You reflexively headbutt those who attack you in melee.


Message History

The human closely misses you.
The human hits you from afar with a +0 spear.
You sock the human!
The human is moderately wounded.
You barely miss the human.
The human is moderately wounded.
The human hits you but does no damage.
The human drinks a potion.
The human seems to grow stronger.
You completely miss the human.
The human is moderately wounded.
The human hits you but does no damage.
You miss the human.
The human is moderately wounded.
The human misses you. The human hits you!
You sock the human!
The human is severely wounded.
You hit the human.
The human is severely wounded.
The human hits you from afar with a +0 spear!
* * * LOW HITPOINT WARNING * * *
You hit the human.
The human is almost dead.
The human barely misses you.
The human hits you from afar with a +0 spear.
* * * LOW HITPOINT WARNING * * *
You barely miss the human. You headbutt the human.
You kill the human!
Trog accepts your kill.
Your Dodging skill gained 2 levels and is now at level 7!
You have reached level 7!
The human hits you with a +0 spear.
* * * LOW HITPOINT WARNING * * *
There is an open door, spattered with blood here.
You see here a human corpse.
You barely miss the human. The human closely misses you.
You furiously retaliate!
You headbutt the human! You sock the human!
The human is heavily wounded.
The human hits you with a +0 spear!
You die...

▓▓▓▓▓▓ ▓▓▓ .....♣♣ ♣.#
######## ....♣.♣ ♣♣.#
#___#__# .....♣ ♣..#
#_p.#._# ....≈♣
♣..###+#@###)## ...≈≈♣♣
♣..#..........#
.†≈≈≈≈♣♣♣♣.+.⌠........#
..≈≈≈≈≈≈♣♣.#...######'#
.≈≈≈≈≈≈....#.⌠.# #...#
.≈≈≈≈≈.....#...# #...#
.≈≈≈.......#)### #...#
...........#...# #...+
...........#___# +...#


You could see a human (berserk).

Levels and vault maps discovered:
D:        dungeon_sprint_mu [sprint_mu_entry_forest, sprint_mu_temple_rooms,
          sprint_mu_d1_horrors, sprint_mu_d2_genie, sprint_mu_d3_branching,
          sprint_mu_orc_legion, sprint_mu_elf_gauntlet, sprint_mu_hive_nellie,
          sprint_mu_lair_fedhas, sprint_mu_vaults_butterflies,
          sprint_mu_slime_circle, sprint_mu_shoals_kraken,
          sprint_mu_snake_twists, sprint_mu_blade_basic, sprint_mu_crypt_lich,
          sprint_mu_tomb_spiral, sprint_mu_vestibule_basic,
          sprint_mu_gehenna_hellfire, sprint_mu_dis_giant,
          sprint_mu_tartarus_statrot, sprint_mu_cocytus_islands, sprint_mu_zot1]

Notes
Turn   | Place    | Note
-------+----------+-------------------------------------------
     0 | D        | tbh1313 the Minotaur Berserker began the quest for the Orb.
     0 | D        | Reached XP level 1. HP: 19/19 MP: 0/0
     5 | D        | Reached skill level 4 in Maces & Flails
    24 | D        | Reached ** piety under Trog
    25 | D        | Reached skill level 5 in Maces & Flails
    80 | D        | Reached skill level 7 in Maces & Flails
    80 | D        | Reached XP level 2. HP: 26/26 MP: 1/1
   157 | D        | Noticed a scorpion
   178 | D        | Killed a scorpion
   179 | D        | Reached skill level 5 in Fighting
   179 | D        | Reached skill level 9 in Maces & Flails
   179 | D        | Reached XP level 3. HP: 36/36 MP: 2/2
   179 | D        | Reached XP level 4. HP: 42/42 MP: 3/3
   225 | D        | Noticed a water elemental
   228 | D        | Killed a water elemental
   228 | D        | Reached *** piety under Trog
   229 | D        | Reached skill level 10 in Maces & Flails
   229 | D        | Reached skill level 5 in Armour
   229 | D        | Reached XP level 5. HP: 50/50 MP: 4/4
   276 | D        | Found a radiant altar of Vehumet.
   276 | D        | Found a shimmering blue altar of Sif Muna.
   276 | D        | Found an ancient bone altar of Kikubaaqudgha.
   322 | D        | Noticed a shadow
   330 | D        | Killed a shadow
   330 | D        | Reached **** piety under Trog
   331 | D        | Reached skill level 13 in Maces & Flails
   331 | D        | Reached XP level 6. HP: 50/60 MP: 5/5
   514 | D        | Found a basalt altar of Yredelemnul.
   514 | D        | Found a shadowy altar of Dithmenos.
   514 | D        | Found a sacrificial altar of Ru.
   523 | D        | Reached skill level 14 in Maces & Flails
   531 | D        | Reached skill level 5 in Dodging
   541 | D        | Found a hide-covered altar of Uskayaw.
   541 | D        | Found an iron altar of Okawaru.
   541 | D        | Found a bloodstained altar of Trog.
   541 | D        | Found an ornate altar of the Wu Jian Council.
   541 | D        | Noticed a human
   542 | D        | Noticed a human
   555 | D        | Killed a human
   556 | D        | Reached XP level 7. HP: 15/66 MP: 6/6
   558 | D        | Slain by a human

Table legend: (Time is in decaauts)
 A = Elapsed time spent in this place.
 B = Non-inter-level travel time spent in this place.
 C = Inter-level travel time spent in this place.
 D = Time resting spent in this place.
 E = Time spent auto-exploring this place.
 F = Levels seen in this place.
 G = Mean time per level.
                   A        B        C        D        E       F      G
               +--------+--------+--------+--------+--------+-----+--------+
         Total |    575 |    575 |      0 |    285 |     84 |   1 |  575.0 |
       Dungeon |    575 |    575 |      0 |    285 |     84 |   1 |  575.0 |
               +--------+--------+--------+--------+--------+-----+--------+

Top non-repeatable levels by time:
       D: 575 daAuts

Table legend:
 A = Kills in this place as a percentage of kills in entire the game.
 B = Kills by you in this place as a percentage of kills by you in the entire game.
 C = Kills by friends in this place as a percentage of kills by friends in the entire game.
 D = Other kills in this place as a percentage of other kills in the entire game.
 E = Experience gained in this place as a percentage of experience gained in the entire game.
 F = Experience gained in this place divided by the number of levels of this place that you have seen.
                   A       B       C       D       E      F
               +-------+-------+-------+-------+-------+----------------------
         Total | 100.0 | 100.0 |   N/A |   N/A | 100.0 | 860.0
       Dungeon | 100.0 | 100.0 |   N/A |   N/A | 100.0 | 860.0
               +-------+-------+-------+-------+-------+----------------------

Action                   |  1- 3 |  4- 6 |  7- 9 || total
-------------------------+-------+-------+-------++-------
Melee: Mace              |    26 |    49 |     2 ||    77
       Headbutt          |     3 |     6 |       ||     9
Invok: Berserk           |     1 |     3 |       ||     4
       Trog's Hand       |       |     2 |       ||     2
  Use: Potion            |     2 |       |       ||     2
Armor: Animal skin       |     2 |       |       ||     2
       Scale mail        |     4 |    12 |       ||    16
Dodge: Dodged            |    14 |    11 |     1 ||    26

Vanquished Creatures
  A shadow (D)
  A necrophage (D)
  A scorpion (D)
  A water elemental (D)
  A jelly (D)
  A necromancer (D)
  A wizard (D)
  2 humans (D)
  A kobold demonologist (D)
  An endoplasm (D)
  3 rats (D)
14 creatures vanquished.
